 Dungeon Crawl Stone Soup version 0.32-a0-814-g0968bab981 (webtiles) character file.

Game seed: 8505062022838630134

86 warriortoast the Ruffian (level 4, -2/26 (29) HPs)
             Began as an Octopode Shapeshifter on Mar 22, 2024.
             Slain by a wight
             ... wielding a +4 battleaxe
              (10 damage)
             ... on level 3 of the Dungeon.
             The game lasted 00:03:02 (1788 turns).

warriortoast the Ruffian (Octopode Shapeshifter)    Turns: 1788, Time: 00:03:02

HP:   -2/26 (29)    AC:  5    Str: 15    XL:     4   Next: 49%
MP:   4/4           EV: 12    Int: 12    God:
Gold: 96            SH:  0    Dex: 11    Spells: 3/3 levels left

rFire   . .          .
                       - Unarmed
rCold   . . .        (no shield)
rNeg    . . .        (helmet currently unavailable)
rPois   .            (no amulet)
rElec   .            h - +4 ring of protection
rCorr   .            (no ring)
SInv    .            (no ring)
Will    .....        (no ring)
Stlth   +++          (no ring)
HPRegen 0.24/turn    (no ring)
MPRegen 0.09/turn    (no ring)
                     (no ring)

%: no passive effects
@: beast-form, heavily drained
A: beast (slay +2), almost no armour, amphibious, 8 rings, camouflage 1,
gelatinous body 1, (nimble swimmer 1), tentacles
a: Begin Untransformation


You were on level 3 of the Dungeon.
You were a hulking beast.
You visited 1 branch of the dungeon, and saw 3 of its levels.

You collected 96 gold pieces.

Inventory:

Jewellery
 h - a +4 ring of protection (left tentacle)
 l - a +4 ring of protection
Talismans
 b - a beast talisman (active)
 c - a flux talisman
Scrolls
 d - 3 scrolls of identify {unknown}
 e - a scroll of fear {unknown}
 f - a scroll of torment {unknown}
 g - a scroll of noise {unknown}
 i - a scroll of enchant armour {unknown}
 j - a scroll of blinking {unknown}
 k - 2 scrolls of enchant weapon {unknown}
 n - a scroll of fog {unknown}
 q - a scroll of teleportation {unknown}
Potions
 a - 2 potions of lignification
 m - a potion of invisibility {unknown}
 o - a potion of brilliance {unknown}
 p - a potion of curing {unknown}


   Skills:
 + Level 2.1 Fighting
 - Level 2.0 Dodging
 + Level 2.8 Stealth
 + Level 3.5 Unarmed Combat
 + Level 3.5 Shapeshifting


You had 3 spell levels left.
You didn't know any spells.
Your spell library contained the following spells:

 Spells                   Type           Power      Damage    Failure   Level
 Passwall                 Erth           0%         N/A       69%         3
 Tukima's Dance           Hex            0%         N/A       69%         3
 Volatile Blastmotes      Fire/Tloc      0%         2d10      69%         3
 Passage of Golubria      Tloc           0%         N/A       97%         4
 Yara's Violent Unravell  Hex/Alch       0%         3d3       100%        5
 Bombard                  Conj/Erth      0%         9d1       100%        6


Dungeon Overview and Level Annotations

Branches:
Dungeon (3/15)

Altars:
Ashenzari

Shops:
D:2 *


Innate Abilities, Weirdness & Mutations

You are a hulking beast.
Your limbs bulge with bestial killing power. (Slay +2)
You cannot wear most types of armour.
You are amphibious.
You can wear up to eight rings at the same time.
Your skin changes colour to match your surroundings (Stealth+).
Your rubbery body absorbs attacks. (AC +1, EV +1)
((You are camouflaged when in or above water. (Stealth+)))
You have tentacles for arms and can constrict up to eight enemies at once.


Message History

The kobold is moderately wounded.
The kobold hits you but does no damage.
You tentacle-slap the kobold. You grab the kobold.
Your squeeze misses the kobold.
The kobold is severely wounded.
You constrict the kobold.
You kill the kobold!
No target in view!
No target in view!
You open the door.
There is an open door here.
You open the door.
There is an open door here.
You open the door.
There is an open door here.
Found 5 stones.
You see here 5 stones.
You open the door.
There is an open door here.
Found a stone staircase leading down.
A goblin and 2 wights come into view.
Found a rapier.
The wight closely misses you.
You barely miss the wight. Your grab misses the wight.
Your squeeze misses the wight. The wight hits you with a +4 battleaxe.
You feel drained.
You bludgeon the wight! Your grab misses the wight.
The wight is heavily damaged.
The goblin shouts!
The wight hits you with a +4 battleaxe!
Ouch! That really hurt!
* * * LOW HITPOINT WARNING * * *
You feel drained.
A wight comes into view. It is wielding a +0 hand axe.
You hear a shout! x2
The wight attacks as it pursues you! The wight hits you but does no damage.
A wight comes into view. It is wielding a +0 mace.
You tentacle-slap the wight. You grab the wight.
The wight is severely damaged.
You constrict the wight. The wight hits you with a +4 battleaxe!
You die...

#... #######..
#.....'(.
#########.#####..
#.........# #..
#.......### #.. .
##.......# #.. ...
##.......## ###
#....####zh#######
#....g.zz.##
+...z>##### #...)
#... #.. #. #


You could see 4 wights and a goblin.

Vanquished Creatures
  2 adders
  2 dart slugs (D:1)
  2 ribbon worms (D:2)
  4 endoplasms
  4 giant cockroaches (D:1)
  7 goblins
  4 hobgoblins
  7 jackals
  2 quokkas
  4 ball pythons
  5 bats
  A frilled lizard (D:1)
  4 kobolds
  7 rats
55 creatures vanquished.

Notes
Turn   | Place    | Note
-------+----------+-------------------------------------------
     0 | D:1      | warriortoast the Octopode Shapeshifter began the quest for
                  | the Orb.
     0 | D:1      | Reached XP level 1. HP: 13/13 MP: 1/1
   215 | D:1      | Reached skill level 1 in Stealth
   215 | D:1      | Reached XP level 2. HP: 11/18 MP: 2/2
   439 | D:1      | Reached XP level 3. HP: 15/23 MP: 3/3
   812 | D:2      | Found Xiegh's General Store.
  1070 | D:2      | Identified the +2 sling "Yrchen" {freeze, *Corrode rN+
                  | Str+2}
  1175 | D:2      | Reached XP level 4. HP: 29/29 MP: 4/4
  1320 | D:2      | Found a broken altar of Ashenzari.
  1788 | D:3      | Slain by a wight

Illustrated notes

Levels and vault maps discovered:
D:1:      dpeg_arrival_pits, layout_basic
D:2:      layout_basic, basic_altar, serial_shops, shop
D:3:      layout_basic

Skill      XL: |  1  2  3 |
---------------+----------+-----
Stealth        | 1 2 |  2.8
Fighting       | 2 |  2.1
Dodging        | |  2.0
Unarmed Combat | |  3.5
Shapeshifting  | |  3.5

Action                     |  1- 3 |  4- 6 || total
---------------------------+-------+-------++-------
  Melee: Unarmed           |    84 |    20 ||   104
         Constrict         |    24 |     3 ||    27
         Tentacles         |    11 |     4 ||    15
         Punch             |     3 |     2 ||     5
   Stab: Sleeping          |     3 |     5 ||     8
 Armour: Skin              |    40 |    12 ||    52
  Dodge: Dodged            |    54 |     4 ||    58

Table legend: (Time is in decaauts)
 A = Elapsed time spent in this place.
 B = Non-inter-level travel time spent in this place.
 C = Inter-level travel time spent in this place.
 D = Time resting spent in this place.
 E = Time spent auto-exploring this place.
 F = Levels seen in this place.
 G = Mean time per level.
                   A        B        C        D        E       F      G
               +--------+--------+--------+--------+--------+-----+--------+
         Total |   1780 |   1731 |     49 |    193 |   1206 |   3 |  593.3 |
       Dungeon |   1780 |   1731 |     49 |    193 |   1206 |   3 |  593.3 |
               +--------+--------+--------+--------+--------+-----+--------+

Top non-repeatable levels by time:
     D:1: 807 daAuts
     D:2: 747 daAuts
     D:3: 226 daAuts
